 Dungeon Crawl Stone Soup version 0.32-a0-624-g02cdc05 (webtiles) character file.

Game seed: 5455568083983597749

4629 wy7340 the Grappler (level 10, -1/9 HPs)
             Began as a Troll Fighter on Mar 5, 2024.
             Was a Follower of Uskayaw.
             Succumbed to a killer bee's poison
             ... on level 9 of the Dungeon.
             The game lasted 00:38:44 (7594 turns).

wy7340 the Grappler (Troll Fighter)                 Turns: 7594, Time: 00:38:45

Health: -1/9       AC:  2    Str: 28    XL:     10   Next: 19%
Magic:  13/13      EV: 14    Int:  4    God:    Uskayaw [*.....]
Gold:   505        SH:  9    Dex: 11    Spells: 13/13 levels left

rFire   . .          .
                       - Unarmed
rCold   . . .        b - +1 kite shield
rNeg    . . .        q - melded +1 robe of Liteus {rC+ Int+3 Stlth+}
rPois   .            (helmet restricted)
rElec   .            (no cloak)
rCorr   .            (gloves unavailable)
SInv    .            (boots unavailable)
Will    .....        L - amulet of faith
Stlth   ++           i - ring of flight
HPRegen 1.01/turn    p - +5 ring of evasion
MPRegen 0.13/turn

%: faith
@: lethally poisoned (-1 -> -4), maw-form, flying
A: devouring maw, reduced hp, large, unfitting armour, claws 3, regeneration 1,
shaggy fur 1, tough skin 1
a: Begin Untransformation, Renounce Religion, Stomp


You were on level 9 of the Dungeon.
You worshipped Uskayaw.
Uskayaw was noncommittal.
You were a creature with a mouth for a stomach.
You visited 2 branches of the dungeon, and saw 10 of its levels.

You collected 505 gold pieces.

Inventory:

Hand Weapons
 e - a +1 dagger of holy wrath
Missiles
 h - 22 stones
 k - 11 boomerangs (quivered)
 y - 7 poisoned darts
Armour
 b - a +1 kite shield (worn)
 q - the +1 robe of Liteus (melded) {rC+ Int+3 Stlth+}
   (You found it on level 3 of the Dungeon)

   Int+3:     It affects your intelligence (+3).
   rC+:       It protects you from cold.
   Stlth+:    It makes you more stealthy.
 J - +0 steam dragon scales
Jewellery
 i - a ring of flight (left claw)
 p - a +5 ring of evasion (right claw)
 w - a ring of protection from cold
 L - an amulet of faith (around neck)
Talismans
 E - a blade talisman
 M - a maw talisman (active)
Wands
 x - a wand of iceblast (9)
 G - a wand of flame (12)
 K - a wand of digging (9)
Scrolls
 a - 3 scrolls of torment
 d - 2 scrolls of blinking {unknown}
 f - 3 scrolls of poison {unknown}
 j - a scroll of brand weapon {unknown}
 m - 7 scrolls of enchant weapon {unknown}
 n - a scroll of silence
 r - a scroll of enchant armour
 s - a scroll of immolation
 u - a scroll of fear
 v - 2 scrolls of teleportation
 A - 2 scrolls of vulnerability {unknown}
 B - a scroll of noise
 D - 2 scrolls of fog
 I - a scroll of amnesia
Potions
 c - 3 potions of might
 g - a potion of lignification {unknown}
 l - 2 potions of mutation {unknown}
 o - 5 potions of curing {unknown}
 t - a potion of cancellation {unknown}
 z - a potion of degeneration
 C - a potion of resistance
 F - a potion of brilliance {unknown}
 H - a potion of heal wounds {unknown}


   Skills:
 * Level 5.0 Fighting
 - Level 5.0 Throwing
 - Level 2.4 Dodging
 - Level 2.0 Stealth
 + Level 3.5 Shields
 - Level 10.0 Unarmed Combat
 - Level 2.0 Spellcasting
 + Level 5.5 Invocations


You had 13 spell levels left.
You didn't know any spells.
Your spell library contained the following spells:

 Spells                   Type           Power      Damage    Failure   Level
 Ensorcelled Hibernation  Hex/Ice        0%         N/A       80%         2
 Fugue of the Fallen      Necr           0%         N/A       95%         3
 Ozocubu's Armour         Ice            0%         N/A       95%         3
 Anguish                  Hex/Necr       0%         N/A       100%        4
 Ignite Poison            Fire/Alch      0%         N/A       100%        4
 Manifold Assault         Tloc           0%         N/A       100%        4
 Sticky Flame             Fire/Alch      0%         2d4       100%        4
 Ignition                 Fire           0%         3d3       100%        8


Dungeon Overview and Level Annotations

Branches:
Dungeon (9/15) Zot: 26269  Temple (1/1) D:5 Zot: 5952
   Lair: D:8-11         Orc: D:9-12

Altars:
Ashenzari
Cheibriados
Dithmenos
Elyvilon
Fedhas
Gozag
Hepliaklqana
Kikubaaqudgha
Nemelex Xobeh
Okawaru
Qazlal
Ru
Sif Muna
Trog
Uskayaw
Wu Jian
Xom
Yredelemnul
Zin
The Shining One

Shops:
D:4 [   D:6 [   D:9 :


Innate Abilities, Weirdness & Mutations

You are a creature with a mouth for a stomach.
Your midsection houses a second, enormous mouth.
Your maximum health is decreased, since you lack skill for your form.
You are too large for most types of armour.
You have claws for hands.
Your natural rate of healing is unusually fast.
You are covered in fur. (AC +1)
You have tough skin. (AC +1)


Message History

Found a rapier.
You reach down and open the door.
There is an open door here.
There is an open door here.
Found a stone staircase leading up.
G - a wand of flame (12) (gained 2 charges)
There is an open door here.
Found a hazy altar of Hepliaklqana.
Found a bloodstained altar of Trog.
Found a sparkling altar of Nemelex Xobeh.
Items here: )) รทรท.
You reach down and open the door.
There is an open door here.
You reach down and open the door.
There is an open door here.
You reach down and open the door.
There is an open door here.
You see here a +0 chain mail.
You reach down and open the door. 3 killer bees come into view.
The killer bee buzzes angrily.
You hear an angry buzzing noise.
The killer bee buzzes angrily.
A killer bee comes into view.
The killer bee buzzes angrily.
You block the killer bee's attack.
You claw the killer bee!
You devour the killer bee!
You feel better.
You kill the killer bee!
The killer bee stings you.
Your Fighting skill increases to level 5!
You miss the killer bee. Your bite misses the killer bee.
The killer bee stings you!
Ouch! That really hurt!
* * * LOW HITPOINT WARNING * * *
You are lethally poisoned!
The killer bee poisons you! You block the killer bee's attack.
Okay, then.
As you read the scroll of fear, it crumbles to dust.
You assume a fearsome visage.
The killer bee looks frightened! x3
You die...
Your body falls in perfect tune with the rhythm.

#.................#
#......#######....#
#####..# #....#
#..# ##....# #..#
.#.....# #..#
..#.....##### #..#
...#..........
#..#....#..........
#.Wyy...#..........
#.y#....#..........
#..# ...#.......###
#..# ###.......#
#... .......).#
#.... .......###
###... .... #####


You could see 3 killer bees.

Vanquished Creatures
  A deep elf pyromancer (D:8)
  Jeremiah (D:7)
  A hornet (D:8)
  Eustachio (D:4)
  2 steam dragons (D:9)
  A swamp worm (D:7)
  2 ice beasts
  An orc warrior (D:7)
  A black bear (D:4)
  2 sky beasts
  2 ogres
  A centaur (D:6)
  3 bullfrogs (D:7)
  A scorpion (D:5)
  8 wights (D:8)
  14 killer bees
  A howler monkey (D:7)
  5 jellies
  2 hounds (D:5)
  2 bombardier beetles
  7 orc priests
  2 gnoll boudas
  3 iguanas
  2 sleepcaps (D:7)
  5 orc wizards
  9 adders
  11 gnolls
  2 shadow imps
  2 white imps
  4 ufetubi (D:5)
  3 dart slugs (D:4)
  3 ribbon worms
  21 orcs
  3 bats (D:1)
  7 endoplasms
  3 giant cockroaches
  9 goblins
  6 hobgoblins
  9 jackals
  A kobold (D:2)
  3 quokkas
  8 ball pythons
  2 frilled lizards
177 creatures vanquished.

Notes
Turn   | Place    | Note
-------+----------+-------------------------------------------
     0 | D:1      | wy7340 the Troll Fighter began the quest for the Orb.
     0 | D:1      | Reached XP level 1. HP: 22/22 MP: 0/0
   159 | D:1      | Reached XP level 2. HP: 29/29 MP: 1/1
   314 | D:1      | Reached skill level 1 in Stealth
   925 | D:2      | Reached XP level 3. HP: 36/36 MP: 2/2
  1684 | D:3      | Reached XP level 4. HP: 43/44 MP: 3/3
  1702 | D:3      | Identified the +1 robe of Liteus {rC+ Int+3 Stlth+}
  1955 | D:3      | Found a glowing golden altar of the Shining One.
  2221 | D:4      | Noticed Eustachio
  2249 | D:4      | Killed Eustachio
  2250 | D:4      | Reached skill level 3 in Unarmed Combat
  2250 | D:4      | Reached XP level 5. HP: 18/54 MP: 4/4
  2250 | D:4      | Reached XP level 6. HP: 20/62 MP: 5/5
  2311 | D:4      | Found Bodghacra's Armour Shoppe.
  2441 | D:4      | Reached skill level 4 in Unarmed Combat
  2848 | D:5      | Entered Level 5 of the Dungeon
  3082 | D:5      | Reached skill level 5 in Unarmed Combat
  3105 | D:5      | Reached XP level 7. HP: 67/70 MP: 6/6
  3300 | D:5      | Reached skill level 6 in Unarmed Combat
  3357 | D:5      | Reached skill level 1 in Throwing
  3382 | D:5      | Found a staircase to the Ecumenical Temple.
  3389 | Temple   | Entered the Ecumenical Temple
  3425 | Temple   | Became a worshipper of Uskayaw the Reveller
  3514 | D:5      | Reached * piety under Uskayaw
  3528 | D:5      | Reached ** piety under Uskayaw
  3890 | D:5      | Reached skill level 1 in Invocations
  3999 | D:6      | Found a snail-covered altar of Cheibriados.
  4078 | D:6      | Reached *** piety under Uskayaw
  4079 | D:6      | Reached skill level 1 in Spellcasting
  4128 | D:6      | Reached XP level 8. HP: 74/78 MP: 8/8
  4208 | D:6      | Found Ismej's Armour Boutique.
  4222 | D:6      | Found a shimmering blue altar of Sif Muna.
  4536 | D:6      | Reached **** piety under Uskayaw
  4695 | D:6      | Found an opulent altar of Gozag.
  4891 | D:7      | Noticed Jeremiah
  5008 | D:7      | Killed Jeremiah
  5009 | D:7      | Reached skill level 7 in Unarmed Combat
  5176 | D:7      | Reached XP level 9. HP: 56/84 MP: 11/11
  5316 | D:7      | Reached skill level 5 in Throwing
  5320 | D:7      | Reached ***** piety under Uskayaw
  5322 | D:7      | Reached skill level 5 in Invocations
  5768 | D:7      | Reached skill level 8 in Unarmed Combat
  5939 | D:8      | Noticed a deep elf pyromancer
  5943 | D:8      | Killed a deep elf pyromancer
  5944 | D:8      | Reached skill level 9 in Unarmed Combat
  6205 | D:8      | Reached skill level 10 in Unarmed Combat
  6348 | D:8      | Reached XP level 10. HP: 83/94 MP: 12/12
  6888 | D:9      | Found Jozyiclere's Tiny Tomes.
  7070 | D:9      | Found a stormy altar of Qazlal.
  7272 | D:9      | Found an ancient bone altar of Kikubaaqudgha.
  7444 | D:9      | Found a hazy altar of Hepliaklqana.
  7446 | D:9      | Found a bloodstained altar of Trog.
  7448 | D:9      | Found a sparkling altar of Nemelex Xobeh.
  7593 | D:9      | Reached skill level 5 in Fighting
  7594 | D:9      | Succumbed to a killer bee's poison

Illustrated notes

Levels and vault maps discovered:
D:1:      enne_arrival_octagon_isle, layout_rooms, dk_noncrumbling_4
D:2:      layout_basic, chequers_serial_rivers_small_3
D:3:      layout_rooms, tso_oasis_becter
D:4:      minmay_angry_zag, layout_cave_pools, serial_shops,
          nicolae_stop_n_shop_1, uniq_eustachio
D:5:      layout_cave_pods, minmay_temple_entry_grid
D:6:      layout_basic, mainiacjoe_overflow_paths, kennysheep_mini_moat,
          mainiacjoe_overflow_catwalk, serial_shops, shop
D:7:      layout_cave_pools, worms_lemuel, uniq_jeremiah
D:8:      layout_basic, minmay_microvault
D:9:      layout_irregular_city, old_standard_altar,
          mainiacjoe_overflow_surrounded_room, minitemple,
          nicolae_shop_i_like_small_books_too, hangedman_decor_growths
Temple:   nicolae_temple_ecumenical_triangle

Skill      XL: |  1  2  3  4  5  6  7  8  9 10 |
---------------+-------------------------------+-----
Stealth        | 1 2 |  2.0
Fighting       | 3 4 5 |  5.0
Unarmed Combat | 3 5 6 7 10 | 10.0
Throwing       | 2 4 5 |  5.0
Invocations    | 2 4 5 |  5.5
Spellcasting   | 1 2 |  2.0
Shields        | 3 |  3.5
Dodging        | |  2.4

Action                     |  1- 3 |  4- 6 |  7- 9 | 10-12 || total
---------------------------+-------+-------+-------+-------++-------
  Melee: Unarmed           |    77 |   112 |   336 |    49 ||   574
  Throw: Boomerang         |     3 |     7 |    16 |       ||    26
         Stone             |       |     5 |       |       ||     5
 Invoke: Stomp             |       |       |     2 |       ||     2
  Evoke: Wand              |       |       |     5 |       ||     5
    Use: Scroll            |       |     6 |     4 |     2 ||    12
   Stab: Sleeping          |     2 |     3 |     3 |     3 ||    11
         Paralysed         |       |       |    10 |       ||    10
         Distracted        |       |       |     1 |       ||     1
 Armour: Robe              |    41 |    61 |   119 |    13 ||   234
         Skin              |       |       |       |     2 ||     2
  Dodge: Dodged            |    18 |    42 |   153 |    31 ||   244
  Block: Kite shield       |    23 |    43 |   103 |    30 ||   199
   Form: Maw               |       |       |       |     1 ||     1

Table legend: (Time is in decaauts)
 A = Elapsed time spent in this place.
 B = Non-inter-level travel time spent in this place.
 C = Inter-level travel time spent in this place.
 D = Time resting spent in this place.
 E = Time spent auto-exploring this place.
 F = Levels seen in this place.
 G = Mean time per level.
                   A        B        C        D        E       F      G
               +--------+--------+--------+--------+--------+-----+--------+
         Total |   7605 |   7311 |    294 |    284 |   5130 |  10 |  760.5 |
       Dungeon |   7557 |   7263 |    294 |    284 |   5130 |   9 |  839.7 |
        Temple |     47 |     47 |      0 |      0 |      0 |   1 |   47.0 |
               +--------+--------+--------+--------+--------+-----+--------+

Top non-repeatable levels by time:
     D:5: 1000 daAuts
     D:8: 997 daAuts
     D:2: 970 daAuts
     D:7: 950 daAuts
     D:4: 929 daAuts
     D:6: 878 daAuts
     D:9: 730 daAuts
     D:1: 627 daAuts
     D:3: 471 daAuts
  Temple: 47 daAuts
